 Dungeon Crawl Stone Soup version 0.29-a0-506-ga2e7fffb44 (webtiles) character file.

Game seed: 8051638739859164353

14 dolemite99 the Skirmisher (level 2, 24/24 HPs)
             Began as a Demonspawn Fighter on May 29, 2022.
             Was a Follower of Sif Muna.
             Quit the game on level 2 of the Dungeon.
             The game lasted 00:00:59 (918 turns).

dolemite99 the Skirmisher (Demonspawn Fighter)       Turns: 918, Time: 00:01:00

Health: 24/24      AC:  8    Str: 16    XL:     2   Next: 27%
Magic:  2/2        EV:  8    Int:  9    God:    Sif Muna [*.....]
Gold:   74         SH:  4    Dex: 12    Spells: 1/1 levels left

rFire   . . .      SeeInvis .   a - +0 long sword
rCold   . . .      Faith    .   c - +0 buckler
rNeg    . . .      Spirit   .   b - +0 scale mail
rPois   .          Reflect  .   j - +0 helmet
rElec   .          Harm     .   (no cloak)
rCorr   .          Rampage  .   (no gloves)
Will    .....                   g - +0 pair of boots
Stlth   ..........              (no amulet)
HPRegen 0.08/turn               (no ring)
MPRegen 0.08/turn               (no ring)

@: no status effects
A: demonic guardian 1
a: Renounce Religion, Channel Magic


You were on level 2 of the Dungeon.
You worshipped Sif Muna.
Sif Muna was aware of your devotion.
You visited 1 branch of the dungeon, and saw 2 of its levels.

You collected 74 gold pieces.

Inventory:

Hand Weapons
 a - a +0 long sword (weapon)
Missiles
 n - 48 stones (quivered)
Armour
 b - a +0 scale mail (worn)
 c - a +0 buckler (worn)
 e - a +0 kite shield
 g - a +0 pair of boots (worn)
 j - a +0 helmet (worn)
Magical Staves
 h - a staff of conjuration
Jewellery
 m - a +6 ring of strength
Scrolls
 k - 2 scrolls of blinking
 l - a scroll of identify {@r1}
 o - a scroll of fear {unknown}
Potions
 d - 2 potions of might
 f - 2 potions of berserk rage {unknown}
 i - a potion of brilliance


   Skills:
 - Level 3.0 Fighting
 + Level 2.7 Long Blades
 - Level 2.6 Armour
 - Level 2.6 Shields


You had one spell level left.
You didn't know any spells.
Your spell library contained the following spells:

 Spells                   Type           Power      Damage    Failure   Level
 Sandblast                Erth           0%         2d4       89%         1
 Blink                    Tloc           0%         N/A       96%         2
 Passwall                 Tmut/Erth      0%         N/A       96%         2
 Stone Arrow              Conj/Erth      0%         3d7       99%         3
 Manifold Assault         Tloc           0%         N/A       100%        5
 Storm Form               Tmut/Air       0%         N/A       100%        7


Dungeon Overview and Level Annotations

Branches:
Dungeon (2/15)

Altars:
Sif Muna


Innate Abilities, Weirdness & Mutations

A weak demonic guardian rushes to your aid.


Message History

There is a stone staircase leading down here.
You climb downwards.
Found a stone staircase leading down.
There is a stone staircase leading up here.
Found an escape hatch in the ceiling.
You now have 74 gold pieces (gained 5).
A rat comes into view.
An endoplasm comes into view.
The endoplasm quivers.
You see here 12 stones.
n - 48 stones (gained 12)
Found a curved runed staff.
You hit the rat.
The rat is moderately wounded.
The rat closely misses you.
You hit the rat.
You kill the rat!
You hit the endoplasm.
The endoplasm is severely wounded.
The endoplasm closely misses you. x2
You hit the endoplasm.
You kill the endoplasm!
Found a faded altar of an unknown god.
No target in view!
No target in view!
f - 2 bubbling golden potions
Found a stone staircase leading down.
There is a faded altar of an unknown god here.
You cannot tell which god this altar belongs to.
Convert to them anyway?
Sif Muna accepts your prayer! Sif Muna welcomes you!
You can now call upon Sif Muna for magical energy.
You see here a staff of conjuration.
h - a staff of conjuration
l - a scroll of identify {@r1}
There are no items here.
o - a scroll labelled SUOWONOMUI
There are no items here.
Autopickup is now off.
Are you sure you want to abandon this character and quit the game? (Confirm with "yes".)

....#... #...... ##.
##...<.####... ##
....#......#. .# #
#......#.#..##.# .#
#..............#..#
#................#
#................##
#...........@# .>#
#.#..........# .. .
#####.#..........###.###..
......#............#......
......>..........._.......
.<....#..........#........
#######..............$....
#......###..#.........
#................#....


There were no monsters in sight!

Vanquished Creatures
  A ball python (D:1)
  2 bats (D:1)
  An endoplasm (D:2)
  2 giant cockroaches (D:1)
  4 hobgoblins (D:1)
  A rat (D:2)
11 creatures vanquished.

Notes
Turn   | Place    | Note
-------+----------+-------------------------------------------
     0 | D:1      | dolemite99 the Demonspawn Fighter began the quest for the
                  | Orb.
     0 | D:1      | Reached XP level 1. HP: 18/18 MP: 1/1
   343 | D:1      | Gained mutation: A weak demonic guardian rushes to your
                  | aid. [demonic ancestry]
   343 | D:1      | Reached XP level 2. HP: 24/24 MP: 2/2
   896 | D:2      | Found a faded altar of an unknown god.
   910 | D:2      | Prayed at the altar of an unknown god.
   910 | D:2      | Became a worshipper of Sif Muna the Loreminder
   910 | D:2      | Reached * piety under Sif Muna
   918 | D:2      | Quit the game

Illustrated notes

Levels and vault maps discovered:
D:1:      dpeg_arrival_round_a, layout_rooms, serial_corexii_hall,
          corexii_hall_statues_i, chequers_hall_statues_y, minmay_misc_feat_iff
D:2:      layout_rooms, basic_ecumenical_altar, uniq_terence

Skill      XL: |  1 |
---------------+----+-----
Long Blades    | 2 |  2.7
Fighting       | |  3.0
Armour         | |  2.6
Shields        | |  2.6

Action                   || total
-------------------------++-------
Melee: Long sword        ||    35
  Use: Scroll            ||     5
Armor: Scale mail        ||    17
Dodge: Dodged            ||    19
Block: Buckler           ||    14

Table legend: (Time is in decaauts)
 A = Elapsed time spent in this place.
 B = Non-inter-level travel time spent in this place.
 C = Inter-level travel time spent in this place.
 D = Time resting spent in this place.
 E = Time spent auto-exploring this place.
 F = Levels seen in this place.
 G = Mean time per level.
                   A        B        C        D        E       F      G
               +--------+--------+--------+--------+--------+-----+--------+
         Total |    929 |    914 |     15 |    188 |    532 |   2 |  464.5 |
       Dungeon |    929 |    914 |     15 |    188 |    532 |   2 |  464.5 |
               +--------+--------+--------+--------+--------+-----+--------+

Top non-repeatable levels by time:
     D:1: 878 daAuts
     D:2: 51 daAuts
